 Dungeon Crawl Stone Soup version 0.25-a0-513-ge77a69270c (webtiles) character file.

Game seed: 13397099589544375995, levelgen mode: deterministic

58 Notrik the Ruffian (level 3, 0/29 HPs)
             Began as a Draconian Transmuter on Feb 16, 2020.
             Slain by a goblin
             ... wielding a cursed -3 hunting sling
              (3 damage)
             ... on level 2 of the Dungeon.
             The game lasted 00:02:15 (1219 turns).

Notrik the Ruffian (Draconian Transmuter)           Turns: 1219, Time: 00:02:15

Health: 0/29       AC:  5    Str: 13    XL:     3   Next: 76%
Magic:  6/6        EV: 12    Int: 13    God:
Gold:   83         SH:  0    Dex: 11    Spells: 5/6 levels left

rFire    . . .     SeeInvis .   g - +1 dagger (elec)
rCold    . . .     Gourm    .   (no shield)
rNeg     . . .     Faith    .   (armour unavailable)
rPois    .         Spirit   .   (helmet restricted)
rElec    .         Reflect  .   (no cloak)
rCorr    .         Harm     .   (no gloves)
MR       .....                  (no boots)
Stlth    +.........             (no amulet)
HPRegen  0.09/turn              (no ring)
MPRegen  0.10/turn              (no ring)

@: no status effects
A: unfitting armour, cold-blooded, AC +5
a: no special abilities


You were on level 2 of the Dungeon.
You were not hungry.

You visited 1 branch of the dungeon, and saw 2 of its levels.

You collected 83 gold pieces.

Inventory:

Hand Weapons
 g - a +1 dagger of electrocution (weapon)
   (You took it off a goblin on level 1 of the Dungeon)
Missiles
 a - 12 arrows
Jewellery
 h - an uncursed ring of protection from magic {unknown}
   (You found it on level 1 of the Dungeon)
 k - a +4 ring of evasion {unknown}
   (You found it on level 2 of the Dungeon)
Scrolls
 c - a scroll of identify {unknown}
 i - a scroll of enchant armour {unknown}
Potions
 b - a potion of heal wounds {unknown}
 d - a potion of brilliance {unknown}
 f - a potion of might {unknown}
Comestibles
 e - 2 rations {!d}
 j - 6 chunks of flesh


   Skills:
 + Level 2.1 Fighting
 + Level 2.2 Dodging
 + Level 3.4 Unarmed Combat
 + Level 2.4 Spellcasting
 + Level 2.5 Transmutations


You had 5 spell levels left.
You knew the following spells:

 Your Spells              Type           Power        Failure   Level  Hunger
a - Beastly Appendage     Tmut           #.....       9%          1    #......

Your spell library contained the following spells:

 Spells                   Type           Power        Failure   Level  Hunger
 Sticks to Snakes         Tmut           #.......     13%         2    ###....
 Spider Form              Tmut/Pois      #.........   41%         3    ###....
 Ice Form                 Ice/Tmut       #.......     82%         4    #####..
 Blade Hands              Tmut           #.........   94%         5    ######.


Dungeon Overview and Level Annotations

Branches:
Dungeon (2/15)

Altars:


Innate Abilities, Weirdness & Mutations

Your plain brown scales are hard. (AC +5)
You cannot fit into any form of body armour.
You are cold-blooded and may be slowed by cold attacks.


Message History

The goblin barely misses you.
You hit the hobgoblin but do no damage. The hobgoblin completely misses you.
The goblin closely misses you.
You closely miss the hobgoblin.
You tail-slap the hobgoblin, but do no damage.
The hobgoblin hits you but does no damage.
The goblin misses you. The goblin closely misses you.
You hit the hobgoblin.
Your tail-slap misses the hobgoblin.
The hobgoblin closely misses you. The goblin hits you but does no damage.
You closely miss the hobgoblin.
Your tail-slap misses the hobgoblin.
The goblin barely misses you. The hobgoblin misses you.
The goblin completely misses you.
The goblin unwields a +0 club.
The goblin wields a cursed -3 hunting sling.
The goblin shoots a stone.
The stone hits you.
* * * LOW HITPOINT WARNING * * *
There is an open door here.
You see here a stone.
You hit the hobgoblin but do no damage. You tail-slap the hobgoblin.
The hobgoblin hits you with a +0 club.
* * * LOW HITPOINT WARNING * * *
You hit the hobgoblin.
You kill the hobgoblin!
The goblin shoots a stone.
The stone hits you but does no damage.
You hit the hobgoblin. The hobgoblin closely misses you.
You hit the hobgoblin but do no damage. The hobgoblin hits you.
* * * LOW HITPOINT WARNING * * *
You closely miss the hobgoblin.
The hobgoblin hits you but does no damage.
You hit the hobgoblin.
You kill the hobgoblin!
The goblin hits you but does no damage.
You hit the goblin. The goblin barely misses you.
You hit the goblin but do no damage. The goblin misses you.
You closely miss the goblin. The goblin closely misses you.
You barely miss the goblin. The goblin barely misses you.
You hit the goblin. The goblin hits you with a +0 dagger.
* * * LOW HITPOINT WARNING * * *
You barely miss the goblin. The goblin closely misses you.
Sorry, you're not good enough to have a special ability.
You closely miss the goblin. The goblin hits you but does no damage.
You hit the goblin. Lightning courses through the goblin!
You kill the goblin!
The goblin shoots a stone.
The stone closely misses you. The goblin closely misses you.
Things that are here:
a +0 dagger; a +0 club You hit the goblin.
The goblin hits you with a cursed -3 hunting sling.
You die...

.# ####..#....รท#...##........
#..........)..............
#...####.(................
#................#........
#.........#.##...#........
#...####..................
#...###.....##............
#.####..#(#..#..#......#.#
#.####.##@##.#..#...##.#.#
#.##...#.g.#..............
#.#..####'####..#...##.#.#
#.#.##.#)..#.##...........
#.#.#..'...'..#...)......(
####.#.##.#...#.##......###..
.........####+####............
########.##...#
#.............. .....#
#.####.## ##.##...........


You could see a goblin.

Vanquished Creatures
  An ooze (D:2)
  A dart slug (D:2)
  2 leopard geckos (D:2)
  A giant cockroach (D:2)
  12 goblins
  9 hobgoblins
  6 kobolds
  4 bats
  A frilled lizard (D:1)
  9 rats
46 creatures vanquished.

Notes
Turn   | Place    | Note
-------+----------+-------------------------------------------
     0 | D:1      | Notrik the Draconian Transmuter began the quest for the
                  | Orb.
     0 | D:1      | Reached XP level 1. HP: 16/16 MP: 3/3
   348 | D:1      | Reached XP level 2. HP: 23/23 MP: 5/5
   896 | D:2      | Reached XP level 3. HP: 23/29 MP: 6/6
  1219 | D:2      | Slain by a goblin

Levels and vault maps discovered:
D:1:      matt_arrival_diagonals, layout_loops_ring
D:2:      cheibrodos_greedy_goblins, layout_basic, first_ration,
          uniq_crazy_yiuf_cottage

Skill      XL: |  1  2  3 |
---------------+----------+-----
Dodging        | 2 |  2.2
Fighting       | 2 |  2.1
Unarmed Combat | |  3.4
Spellcasting   | |  2.4
Transmutations | |  2.5

Action                   || total
-------------------------++-------
Melee: Unarmed           ||    15
       Dagger            ||   115
       Tailslap          ||    10
       Punch             ||     2
 Stab: Sleeping          ||     1
  Eat: Chunk             ||     1
Armor: Skin              ||    42
Dodge: Dodged            ||    87

Table legend:
 A = Non-vault XP
 B = Vault XP
 C = Vault XP percentage of total XP
 D = Non-vault monster count
 E = Vault monster count
 F = Vault count percentage of total count
                 A         B        C        D         E       F
            +---------+---------+-------+---------+---------+-------
      Total |      69 |      15 |  17.9 |      38 |       8 |  17.4
            +---------+---------+-------+---------+---------+-------
        D:1 |      21 |       0 |   0.0 |      14 |       0 |   0.0
        D:2 |      48 |      15 |  23.8 |      24 |       8 |  25.0
            +---------+---------+-------+---------+---------+-------
